 Dungeon Crawl Stone Soup version 0.30-a0-1114-gd936c97349 (webtiles) character file.

Game seed: 8734353909322568397

2232572 Datul the Ice Dragon (level 26, 228/228 HPs)
             Began as a Purple Draconian Ice Elementalist on Apr 18, 2023.
             Was the Champion of Vehumet.
             Escaped with the Orb
             ... and 4 runes on Apr 20, 2023!
             The game lasted 07:08:56 (74837 turns).

Datul the Ice Dragon (DrIE)                        Turns: 74837, Time: 07:08:57

Health: 228/228    AC: 19    Str: 16    XL:     26   Next: 88%
Magic:  56/56      EV: 12    Int: 36    God:    Vehumet [******]
Gold:   4024       SH: 16    Dex: 10    Spells: 11/66 levels left

rFire   + + +      SeeInvis +    b - staff of cold "Ucaele" {rC+ Str+5}
rCold   + + +      Faith    .    r - +2 kite shield {AC+3}
rNeg    + . .      Spirit   .    (body armour unavailable)
rPois   +          Reflect  .    T - -2 hat of the Alchemist {rElec rPois rF+ rC+ rN+ Will+ rMut rCorr}
rElec   +          Rampage  .    Y - scarf "Zijeatown" {rC+ rF+, rPois}
rCorr   +                        u - +2 pair of gloves
rMut    +                        c - +2 pair of boots
Will    +++++                    H - amulet of magic regeneration
Stlth   +                        x - ring of Osevue {rCorr MP+9 Dex+3 Stlth-}
HPRegen 0.58/turn                k - ring of Ytzagro {rF++ Will+ Int+9 Dex-3 SInv}
MPRegen 0.75/turn

@: studying 3 skills
A: breathe power, AC +12, unfitting armour, cold-blooded, clumsy 1, frail 1
0: Orb of Zot
}: 4/15 runes: serpentine, barnacled, slimy, silver
a: Breathe Dispelling Energy, Renounce Religion


You escaped.
You worshipped Vehumet.
Vehumet was exalted by your worship.
You visited 12 branches of the dungeon, and saw 56 of its levels.
You visited 1 bazaar.
You also visited: Ossuary and Gauntlet.

You collected 10431 gold pieces.
You spent 6407 gold pieces at shops.

Inventory:

Missiles
 t - 18 silver javelins
 I - 3 throwing nets
Armour
 c - a +2 pair of boots (worn)
 r - a +2 kite shield of protection (worn)
 u - a +2 pair of gloves (worn)
 A - a +2 tower shield
 T - the -2 hat of the Alchemist (worn) {rElec rPois rF+ rC+ rN+ Will+ rMut rCorr}
   (You found it on level 3 of the Elven Halls)

   rF:        It protects you from fire.
   rC:        It protects you from cold.
   rElec:     It insulates you from electricity.
   rPois:     It protects you from poison.
   rN:        It protects you from negative energy.
   rCorr:     It protects you from acid and corrosion.
   rMut:      It protects you from mutation.
   Will:      It increases your willpower.
 Y - the scarf "Zijeatown" (worn) {rC+ rF+, rPois}
   (You bought it in a shop on level 2 of the Orcish Mines)

   rPois:     It protects you from poison.
Magical Staves
 b - the staff of cold "Ucaele" (weapon) {rC+ Str+5}
   (You found it on level 1 of the Crypt)

   [staff of cold]

   Base accuracy: +5 Base damage: 5 Base attack delay: 1.2 This weapon's minimum
   attack delay (0.6) is reached at skill level 12.
   Str:       It affects your strength (+5).
   rC:        It protects you from cold.
   It falls into the 'Staves' category.
   It is a one-handed weapon.
Jewellery
 k - the ring of Ytzagro (right hand) {rF++ Will+ Int+9 Dex-3 SInv}
   (You bought it in a shop on level 2 of the Depths)

   [ring of see invisible]

   Int:       It affects your intelligence (+9).
   Dex:       It affects your dexterity (-3).
   rF:        It greatly protects you from fire.
   SInv:      It lets you see invisible.
   Will:      It increases your willpower.
 v - the ring "Ruw Wosch" {Ice Will+}
   (You found it on level 1 of the Crypt)

   [ring of ice]

   It enhances your ice magic.
   rF:        It makes you vulnerable to fire.
   rC:        It protects you from cold.
   Will:      It increases your willpower.
 x - the ring of Osevue (left hand) {rCorr MP+9 Dex+3 Stlth-}
   (You took it off a tengu warrior on level 2 of the Depths)

   [ring of magical power]

   Dex:       It affects your dexterity (+3).
   MP:        It affects your magic capacity (+9).
   rCorr:     It protects you from acid and corrosion.
   Stlth:     It makes you less stealthy.
 z - a ring of flight
 H - an amulet of magic regeneration (around neck)
 M - the amulet of the Air {Inacc Air Fly rElec RMsl}
   (You found it on level 5 of the Pits of Slime)

   [amulet of nothing]

   Inacc:     It reduces the accuracy of your attacks and spells.
   Air:       It enhances your air magic.
   rElec:     It insulates you from electricity.
   Fly:       It grants you flight.
   RMsl:      It protects you from missiles.
 X - the ring of the Priest {rN+ Str+3}
   (You found it on level 3 of the Crypt)

   [ring of positive energy]

   Str:       It affects your strength (+3).
   rN:        It protects you from negative energy.
Wands
 q - a wand of roots (82)
 B - a wand of flame (72)
 F - a wand of mindburst (65)
 J - a wand of digging (5)
 N - a wand of acid (43)
Scrolls
 g - 8 scrolls of identify
 i - 14 scrolls of poison
 m - 3 scrolls of fog
 o - 14 scrolls of immolation
 p - 38 scrolls of teleportation
 y - 13 scrolls of amnesia
 C - 16 scrolls of fear
 D - 3 scrolls of magic mapping
 E - 2 scrolls of blinking
 K - 5 scrolls of summoning
 V - 8 scrolls of vulnerability
Potions
 d - 8 potions of haste
 f - 20 potions of curing
 h - 4 potions of resistance
 j - 3 potions of invisibility
 n - 13 potions of brilliance
 s - 3 potions of cancellation
 w - 14 potions of heal wounds
 G - 14 potions of flight
 P - 8 potions of magic
 Q - 5 potions of mutation
 S - 2 potions of ambrosia
 U - 10 potions of lignification
 W - 8 potions of attraction
Miscellaneous
 l - a phial of floods
 L - a lightning rod (4/4)
 O - a box of beasts
 R - a phantom mirror
 Z - a condenser vane


   Skills:
 + Level 24.1 Fighting
 - Level 12.0 Throwing
 - Level 5.0 Dodging
 - Level 1.7 Stealth
 - Level 20.0 Shields
 + Level 20.9 Spellcasting
 - Level 15.4 Conjurations
 - Level 4.0 Summonings
 - Level 8.0 Necromancy
 - Level 5.0 Translocations
 O Level 27 Ice Magic
 - Level 18.0 Earth Magic
 - Level 5.0 Evocations


You had 11 spell levels left.
You knew the following spells:

 Your Spells              Type           Power      Damage    Failure   Level
a - Sublimation of Blood  Necr           76%        N/A       1%          2
b - Borgnjor's Vile Clut  Necr/Erth      46%        N/A       1%          5
f - Freezing Cloud        Conj/Ice/Air   59%        6-21      1%          5
i - Iron Shot             Conj/Erth      51%        9d10      1%          6
l - Lee's Rapid Deconstr  Erth           52%        3d25*     0%          5
m - Iskenderun's Mystic   Conj/Tloc      84%        2d17      1%          4
p - Passage of Golubria   Tloc           65%        N/A       1%          4
r - Ozocubu's Refrigerat  Ice            74%        4d24      0%          7
s - Statue Form           Tmut/Erth      53%        N/A       4%          6
B - Blink                 Tloc           100%       N/A       1%          2
V - Polar Vortex          Ice            74%        N/A       1%          9

Your spell library contained the following spells:

 Spells                   Type           Power      Damage    Failure   Level
 Maxwell's Capacitive Co  Air            18%        ∞         100%        8
 Chain Lightning          Conj/Air       37%        3d50      100%        9
 Fire Storm               Conj/Fire      37%        8d10      100%        9
 Freeze                   Ice            100%       1d10      0%          1
 Ensorcelled Hibernation  Hex/Ice        100%       N/A       0%          2
 Frozen Ramparts          Ice            100%       1d16      0%          3
 Hailstorm                Conj/Ice       100%       3d20      0%          3
 Ozocubu's Armour         Ice            100%       N/A       0%          3
 Stone Arrow              Conj/Erth      100%       3d13      0%          3
 Apportation              Tloc           100%       N/A       1%          1
 Foxfire                  Conj/Fire      100%       2x1d9     1%          1
 Shock                    Conj/Air       100%       1d9       1%          1
 Slow                     Hex            100%       N/A       1%          1
 Sting                    Tmut/Pois      100%       1d8       1%          1
 Summon Small Mammal      Summ           100%       N/A       1%          1
 Cigotuvi's Dreadful Rot  Necr/Pois/Air  100%       N/A       1%          2
 Lesser Beckoning         Tloc           100%       N/A       1%          2
 Static Discharge         Conj/Air       100%       2-7/arc   1%          2
 Wereblood                Tmut           37%        N/A       1%          2
 Call Canine Familiar     Summ           60%        N/A       1%          3
 Dazzling Flash           Conj/Hex       100%       N/A       1%          3
 Gell's Gravitas          Tloc           65%        N/A       1%          3
 Ignite Poison            Fire/Tmut/Pois 37%        N/A       1%          3
 Inner Flame              Hex/Fire       37%        N/A       1%          3
 Summon Guardian Golem    Hex/Summ       51%        N/A       1%          3
 Teleport Other           Tloc           65%        N/A       1%          3
 Vampiric Draining        Necr           76%        2d11      1%          3
 Vhi's Electric Charge    Tloc/Air       100%       N/A       1%          3
 Volatile Blastmotes      Fire/Tloc      100%       2d18      1%          3
 Anguish                  Hex/Necr       30%        N/A       1%          4
 Animate Dead             Necr           76%        N/A       1%          4
 Flame Wave               Conj/Fire      75%        2d17      1%          4
 Fulminant Prism          Conj/Hex       37%        3d17      1%          4
 Ice Form                 Ice/Tmut       100%       N/A       1%          4
 Manifold Assault         Tloc           65%        N/A       1%          4
 Petrify                  Tmut/Erth      80%        N/A       1%          4
 Sticky Flame             Conj/Fire      75%        2d9       1%          4
 Summon Ice Beast         Ice/Summ       100%       N/A       1%          4
 Agony                    Necr           76%        N/A       1%          5
 Fireball                 Conj/Fire      37%        3d15      1%          5
 Iskenderun's Battlesphe  Conj           99%        2d15      1%          5
 Metabolic Englaciation   Hex/Ice        58%        N/A       1%          5
 Conjure Ball Lightning   Conj/Air       37%        3x3d12    1%          6
 Simulacrum               Ice/Necr       64%        N/A       1%          6
 Starburst                Conj/Fire      37%        6d11      1%          6
 Orb of Destruction       Conj           49%        9d13      1%          7
 Lehudib's Crystal Spear  Conj/Erth      51%        10d12     1%          8
 Confusing Touch          Hex            37%        N/A       3%          3
 Spider Form              Tmut/Pois      37%        N/A       3%          3
 Tukima's Dance           Hex            37%        N/A       3%          3
 Airstrike                Air            18%        2d(3-19)  3%          4
 Olgreb's Toxic Radiance  Pois           37%        N/A       3%          4
 Summon Lightning Spire   Summ/Air       51%        N/A       4%          4
 Summon Forest            Summ/Tloc      31%        N/A       4%          5
 Spellforged Servitor     Conj/Summ      41%        N/A       4%          7
 Death Channel            Necr           38%        N/A       6%          6
 Yara's Violent Unravell  Hex/Tmut       18%        3d9       8%          5
 Summon Mana Viper        Hex/Summ       51%        N/A       13%         5
 Alistair's Intoxication  Tmut/Pois      24%        N/A       28%         5
 Blade Hands              Tmut           18%        N/A       28%         5
 Silence                  Hex/Air        18%        N/A       28%         5
 Summon Cactus Giant      Summ           30%        N/A       30%         6
 Plasma Beam              Fire/Air       18%        2x1d33    36%         6
 Haunt                    Necr/Summ      34%        N/A       58%         7
 Summon Hydra             Summ           30%        N/A       86%         7
 Borgnjor's Revivificati  Necr           38%        N/A       95%         8
 Infestation              Necr           38%        N/A       95%         8
 Enfeeble                 Hex            18%        N/A       100%        7
 Storm Form               Tmut/Air       18%        N/A       100%        7
 Ignition                 Fire           18%        3d7       100%        8
 Necromutation            Tmut/Necr      30%        N/A       100%        8
 Death's Door             Necr           38%        N/A       100%        9
 Animate Armour           Summ/Erth      Unusable   N/A       N/A         4

Dungeon Overview and Level Annotations

Branches:
Dungeon (15/15)            Temple (1/1) D:4            Lair (5/5) D:10
 Shoals (4/4) Lair:3        Snake (4/4) Lair:2        Slime (5/5) Lair:5
    Orc (2/2) D:11            Elf (3/3) Orc:2        Vaults (5/5) D:14
  Crypt (3/3) Vaults:2       Tomb (0/3) Crypt:3      Depths (4/4) D:15
    Zot (5/5) Depths:4    Ossuary (visited)         Gauntlet (visited)

Altars:
Ashenzari
Cheibriados
Dithmenos
Elyvilon
Fedhas
Gozag
Hepliaklqana
Kikubaaqudgha
Makhleb
Nemelex Xobeh
Okawaru
Qazlal
Ru
Sif Muna
Trog
Uskayaw
Vehumet
Wu Jian
Xom
Yredelemnul
Zin
The Shining One

Shops:
D:9 ?   D:13 =   Orc:2 (*:[   Shoals:2 =   Snake:1 ?**   Snake:3 =:=
Vaults:1 (   Vaults:2 =   Vaults:3 (   Vaults:5 =[   Depths:2 =   Depths:4 *

Portals:
Hell: Depths:1 Depths:2 Depths:3 Depths:4
Abyss: Depths:3 Depths:4
Pandemonium: Depths:2
Ziggurat: Depths:4

Annotations:
Elf:2 3 runed translucent doors


Innate Abilities, Weirdness & Mutations

You can breathe bolts of dispelling energy.
Your rich purple scales are hard. (AC +12)
You cannot fit into any form of body armour.
You are cold-blooded and may be slowed by cold attacks.
You are clumsy. (Dex -2)
You are frail. (-10% HP)


Message History

You kill the ice devil!
Vehumet accepts your kill.
You feel your power returning.
You are engulfed in whirling frost.
You now have 51/56 mp.
You are engulfed in whirling frost.
(D) Dungeon (T) Temple (L) Lair (A) Shoals (P) Snake Pit (M) Slime Pits (O) Orcish Mines (E) Elven Halls (V) Vaults (C) Crypt (W) Tomb (U) Depths (H) Hell (Z) Zot
Where to? (Enter - D:1 @ (x,y), ? - help)
The winds around you calm down.
HP restored.
An Orb Guardian comes into view.
Health restored: 228; MP restored: 56
Casting: Iron Shot (safe; 1% risk of failure)
Confirm with . or Enter, or press ? or * to list all spells.
You feel a surge of power!
A great freezing vortex appears and lifts you up.
You now have 48/56 mp.
Unknown command.
The Orb Guardian attacks as you move away!
You block the Orb Guardian's attack.
You kill the Orb Guardian!
Vehumet accepts your kill.
There is a stone staircase leading up here.
(D) Dungeon (T) Temple (L) Lair (A) Shoals (P) Snake Pit (M) Slime Pits (O) Orcish Mines (E) Elven Halls (V) Vaults (C) Crypt (W) Tomb (U) Depths (H) Hell (Z) Zot
Where to? (Enter - D:1 @ (x,y), ? - help)
You fly upwards.
There is a stone staircase leading down here.
The winds around you calm down.
There is a stone staircase leading up here.
Magic restored.
You climb upwards.
There is a stone staircase leading down here.
There is a staircase leading out of the dungeon here.
MP restored: 56 You have escaped!

♣♣♣.♣♣ ####...
♣....♣ ####'##
♣.♣.♣♣ #.....#
♣.♣.♣ #......
♣♣.♣♣ #.....#
♣.♣♣ #.....#
♣♣..♣♣ #######
♣....♣ #..
♣.@.♣♣ #..
♣♣...♣ #..
♣.♣.♣♣♣♣ #..
♣♣♣..♣.♣ #..
♣♣♣..♣ #..
♣♣.♣♣♣ ####..
♣...♣♣♣ #.....
♣♣♣...♣ #.....
##########..###
#.....


There were no monsters in sight!

Vanquished Creatures
  the Royal Jelly (Slime:5)
  4 dread liches
  5 orbs of fire
  3 ancient liches
  Josephina (Depths:4)
  The ghost of Foapeaxo the Slayer, a veteran HOMo of Beogh (Crypt:1)
  A Killer Klown (Zot:5)
  Parghit (Zot:4)
  3 curse toes
  Xtahua (Depths:3)
  Jory (Depths:4)
  12 golden dragons
  A bone dragon (Crypt:3)
  3 electric golems
  A pandemonium lord (D:9)
  An Ice Fiend (D:9)
  Jorgrun (Shoals:3)
  10 tentacled monstrosities
  A Hell Sentinel (D:9)
  2 walking earthen tomes (Depths:2)
  2 deep elf blademasters (Elf:3)
  7 titans (Vaults:5)
  24 Orb Guardians
  14 liches
  2 deep elf master archers (Elf:3)
  2 quicksilver dragons
  Mlioglotl (Shoals:2)
  26 acid blobs
  A sphinx (shapeshifter) (Depths:2)
  7 sphinxes
  10 storm dragons
  Polyphemus (Shoals:2)
  A death cob (Zot:2)
  10 shadow dragons
  4 ancient champions
  Kirke (Shoals:4)
  15 azure jellies
  13 rockslimes
  Roxanne (Snake:2)
  3 draconian monks
  Frances (Shoals:2)
  The ghost of soul19 the Warrior, an adept DsFi of Qazlal (Lair:2)
  9 tengu reavers
  The ghost of Scrimshaw the Bludgeoner, an adept DsGl of Jiyva (Snake:1)
  5 revenants
  15 vault wardens
  9 fire giants
  17 frost giants
  3 nagarajas (Snake:4)
  7 deep elf sorcerers
  3 iron dragons (Vaults:5)
  5 draconian scorchers
  6 draconian shifters
  5 draconian knights
  3 curse skulls
  A caustic shrike zombie (Depths:3)
  3 ghost moths
  A balrug (Depths:2)
  4 ghouls
  2 orc warlords
  5 draconian stormcallers
  5 deep elf elementalists (Elf:3)
  6 draconian annihilators
  5 war gargoyles
  15 ironbound preservers
  A reaper (Depths:2)
  17 quicksilver oozes
  16 very ugly things
  12 stone giants
  12 green draconians
  4 deep elf demonologists
  11 vampire knights
  6 ironbound thunderhulks
  11 red draconians
  10 white draconians
  7 black draconians
  11 deep elf annihilators
  4 dire elephants (Vaults:2)
  15 yellow draconians
  A lorocyproca (Depths:2)
  12 purple draconians
  7 spark wasps
  A minotaur (Gauntlet)
  10 deep elf death magi
  7 merfolk impalers
  6 eidola
  2 crystal guardians (Vaults:4)
  10 fire dragons
  7 merfolk javelineers
  13 ettins
  6 jiangshi
  12 great orbs of eyes
  2 entropy weavers (Vaults:3)
  2 quicksilver dragon zombies
  7 deep elf high priests
  32 vault guards
  8 salamander tyrants
  A quicksilver dragon skeleton (Crypt:3)
  11 yaktaur captains
  A caustic shrike simulacrum (Depths:3)
  5 rakshasas
  2 hell beasts
  A spriggan air mage (Depths:2)
  10 ironbound frosthearts
  10 ice dragons
  7 hydras
  3 peacekeepers (Vaults:4)
  2 ogre magi
  A catoblepas (Shoals:2)
  5 merfolk avatars
  24 centaur warriors
  3 alligator snapping turtles
  5 merfolk aquamancers (Shoals:4)
  4 two-headed ogres
  16 dancing weapons
  7 boulder beetles
  3 death knights
  13 naga warriors
  14 anacondas
  11 death yaks
  5 deep troll earth magi
  A satyr (Shoals:3)
  A hell hog (Gauntlet)
  6 vampire magi
  8 deep troll shamans
  8 tengu warriors
  11 naga sharpshooters
  2 orc high priests (Orc:2)
  3 shock serpents
  5 hell knights (Depths:4)
  2 soul eaters (Crypt:3)
  Amaemon (D:8)
  Sonja (D:12)
  4 spriggan berserkers
  A sun demon (Depths:2)
  15 deep elf knights
  A titan skeleton (Depths:3)
  18 skeletal warriors
  5 salamander mystics
  9 skysharks
  6 iron trolls
  A shadow wraith (Crypt:2)
  18 sea snakes
  A quicksilver dragon simulacrum (Depths:4)
  A sea snake (shapeshifter) (Vaults:5)
  A ghost moth zombie (Crypt:2)
  29 deep trolls
  3 naga ritualists
  3 obsidian statues
  An orange crystal statue (D:9)
  A golden dragon skeleton (Crypt:3)
  12 wizards
  8 flayed ghosts
  A bog body (Crypt:1)
  3 glowing orange brains
  15 phantasmal warriors
  14 ironbound convokers
  8 lindwurms
  A harpy (shapeshifter) (Vaults:5)
  A tengu zombie (Depths:3)
  A lindwurm (shapeshifter) (Vaults:5)
  7 orc knights
  11 deep elf archers
  15 harpies
  9 necromancers
  A sphinx zombie (Depths:3)
  5 oklob plants (Zot:1)
  28 deep elf pyromancers
  28 deep elf zephyrmancers
  A fire giant zombie (Vaults:2)
  9 fauns
  A shadow dragon skeleton (Depths:3)
  5 orc sorcerers
  5 mana vipers
  5 cyclopes
  29 ugly things
  A manticore (shapeshifter) (Elf:1)
  9 shining eyes
  12 manticores
  12 moths of wrath
  A dire elephant zombie (Crypt:1)
  5 merfolk sirens
  46 salamanders
  A toenail golem (Depths:3)
  A frost giant skeleton (Crypt:3)
  A rust devil (D:14)
  25 vault sentinels
  16 elephants
  29 black mambas
  4 eyes of devastation
  7 guardian serpents
  An ice statue (Shoals:4)
  A titan simulacrum (Depths:4)
  A demonic crawler (D:10)
  14 water nymphs
  An eye of devastation (shapeshifter) (Vaults:5)
  2 orange demons
  An iron dragon skeleton (Crypt:2)
  A storm dragon simulacrum (Depths:4)
  24 naga magi
  A centaur skeleton (Crypt:3)
  3 gargoyles
  9 cane toads
  2 torpor snails
  2 kobold demonologists
  2 unseen horrors
  A minotaur skeleton (Crypt:3)
  A yaktaur (shapeshifter) (Elf:3)
  6 tengu conjurers
  2 ice devils
  3 rime drakes (Lair:2)
  8 komodo dragons
  20 yaktaurs
  6 efreet
  26 merfolk
  A red devil (Depths:2)
  6 freezing wraiths
  A guardian mummy (Crypt:3)
  2 golden dragon simulacra
  12 trolls
  7 hornets
  4 polar bears
  A shadow dragon simulacrum (Crypt:1)
  3 wind drakes
  A mana viper skeleton (Crypt:2)
  11 dream sheep
  A sphinx simulacrum (Depths:3)
  13 blink frogs
  6 flying skulls (Crypt:3)
  16 snapping turtles
  139 slime creatures
  2 fire dragon skeletons
  A guardian serpent skeleton (Crypt:1)
  25 water elementals
  2 vampires
  7 wraiths
  An air elemental (Elf:1)
  24 spriggans
  A shadow (D:9)
  A culicivora (shapeshifter) (Vaults:5)
  21 fire elementals
  2 humans (Shoals:4)
  57 yaks
  A wyvern (shapeshifter) (Depths:2)
  4 fire bats (Gauntlet)
  A black mamba skeleton (Crypt:1)
  16 golden eyes
  3 redbacks (Vaults:3)
  A hog (Shoals:4)
  4 vampire mosquitoes (D:13)
  A human (shapeshifter) (D:14)
  5 basilisks
  A neqoxec (Depths:3)
  64 nagas
  A water nymph zombie (Crypt:1)
  A swamp worm (shapeshifter) (Vaults:5)
  A swamp worm (Orc:2)
  A warg (Orc:2)
  10 water moccasins
  An acid dragon (D:12)
  A hell hound (Gauntlet)
  5 floating eyes
  A large abomination (D:9)
  Duvessa (D:4)
  A hydra simulacrum (Crypt:1)
  41 orc warriors
  2 black bears (shapeshifter)
  2 ice beasts
  4 black bears
  9 boggarts
  14 ogres
  A swamp dragon skeleton (Crypt:1)
  9 centaurs
  24 wolves
  A yaktaur zombie (Crypt:2)
  2 human zombies (Vaults:2)
  3 kobold brigands
  2 gnoll sergeants
  A rime drake skeleton (Crypt:1)
  3 necrophages
  7 bullfrogs
  A cyclops zombie (Crypt:2)
  3 earth elementals
  4 scorpions
  2 human skeletons
  Dowan (D:4)
  A water moccasin skeleton (Crypt:2)
  4 wights
  A raiju zombie (Crypt:1)
  A spriggan zombie (Crypt:3)
  17 killer bees
  3 howler monkeys
  A lava snake (Snake:4)
  A wolf skeleton (Crypt:3)
  21 jellies
  A hound (D:6)
  Crazy Yiuf (D:6)
  16 orc priests
  A black bear skeleton (Crypt:2)
  2 iguanas
  Jessica (D:3)
  A sleepcap (D:5)
  20 orc wizards
  A hell rat (Lair:5)
  Natasha (twice) (D:3)
  A scorpion zombie (D:3)
  A killer bee zombie (Crypt:3)
  A deep dwarf zombie (Crypt:2)
  A deep dwarf skeleton (Crypt:3)
  A hound zombie (D:3)
  A hound skeleton (D:3)
  15 mummies
  3 gnolls (D:9)
  4 adders
  2 white imps
  An ufetubus (D:6)
  An adder zombie (D:3)
  An adder skeleton (D:3)
  4 worms
  82 orcs
  6 ball pythons
  5 bats
  2 endoplasms
  2 giant cockroaches
  3 goblins
  8 hobgoblins
  2 jackals (D:1)
  A quokka (D:3)
  A ball python skeleton (D:3)
  4 frilled lizards
  A giant cockroach zombie (D:3)
  2 hobgoblin zombies (Ossuary)
  25 kobolds
  A kobold zombie (Ossuary)
  A quokka zombie (D:3)
  7 rats
  3 plants (Depths:1)
  3 withered plants (D:3)
2401 creatures vanquished.

Vanquished Creatures (collateral kills)
  2 death yaks (Lair:2)
  Pikel (D:8)
  An ugly thing (D:15)
  A cyclops (D:7)
  4 cane toads
  A komodo dragon (Lair:5)
  A troll (D:9)
  3 blink frogs (Lair:4)
  A wraith (D:9)
  A spriggan (Lair:4)
  8 yaks
  A wyvern (D:9)
  A vampire mosquito (D:7)
  A basilisk (Lair:1)
  4 water moccasins
  2 sky beasts
  A black bear (D:7)
  A wolf (Lair:5)
  A phantom (D:5)
  3 kobold brigands
  5 bullfrogs
  2 gnoll sergeants
  3 killer bees
  A hound (D:6)
  A jelly (D:7)
  An orc priest (D:7)
  5 mummies (Ossuary)
  7 orcs
  2 hobgoblin zombies (Ossuary)
  13 kobolds
  3 kobold zombies (Ossuary)
82 creatures vanquished.

Vanquished Creatures (others)
  A yellow draconian (Zot:1)
  An ettin (Depths:1)
  A juggernaut simulacrum (Depths:4)
  A two-headed ogre (D:7)
  A polar bear (Lair:2)
  A human (Shoals:4)
  A small abomination (Zot:4)
  3 bushes
  23 demonic plants (Gauntlet)
  43 fungi
  178 plants
  2 starspawn tentacles (Shoals:2)
  A withered plant (D:3)
257 creatures vanquished.

Grand Total: 2740 creatures vanquished

Notes
Turn   | Place    | Note
-------+----------+-------------------------------------------
     0 | D:1      | Datul the Draconian Ice Elementalist began the quest for
                  | the Orb.
     0 | D:1      | Reached XP level 1. HP: 14/14 MP: 3/3
   382 | D:1      | Reached XP level 2. HP: 20/20 MP: 1/5
   746 | D:1      | Reached skill level 1 in Shields
  1367 | D:1      | Reached XP level 3. HP: 26/26 MP: 2/6
  1408 | D:1      | Learned a level 3 spell: Frozen Ramparts
  1701 | D:2      | You fall into a shaft and drop 2 floors!
  2003 | D:4      | Reached skill level 5 in Ice Magic
  2003 | D:4      | Reached XP level 4. HP: 31/33 MP: 0/7
  2710 | D:3      | Noticed Jessica
  2733 | D:3      | Killed Jessica
  2734 | D:3      | Reached XP level 5. HP: 38/38 MP: 4/8
  2814 | D:3      | Found a white marble altar of Elyvilon.
  3032 | D:3      | Noticed Natasha
  3041 | D:3      | Killed Natasha
  3391 | D:4      | Found an ornate altar of the Wu Jian Council.
  3393 | D:4      | Found a basalt altar of Yredelemnul.
  3403 | D:4      | Reached skill level 6 in Ice Magic
  3403 | D:4      | Reached XP level 6. HP: 40/45 MP: 2/9
  3591 | D:4      | Found a staircase to the Ecumenical Temple.
  3602 | Temple   | Entered the Ecumenical Temple
  3873 | D:4      | Noticed Dowan
  4020 | D:4      | Found a shadowy altar of Dithmenos.
  4090 | D:4      | Noticed Duvessa
  4109 | D:4      | Killed Duvessa
  4154 | D:5      | Entered Level 5 of the Dungeon
  4195 | D:5      | Reached skill level 7 in Ice Magic
  4400 | D:5      | Your scales start taking on a rich purple colour.
  4400 | D:5      | Reached XP level 7. HP: 50/50 MP: 6/11
  4556 | D:5      | Learned a level 3 spell: Ozocubu's Armour
  4561 | D:5      | Learned a level 4 spell: Summon Ice Beast
  4851 | D:5      | Noticed a wraith
  5390 | D:6      | Reached skill level 8 in Ice Magic
  5566 | D:6      | Found a radiant altar of Vehumet.
  5576 | D:6      | Became a worshipper of Vehumet
  5606 | D:6      | Reached XP level 8. HP: 55/57 MP: 3/14
  5669 | D:6      | Reached skill level 9 in Ice Magic
  5779 | D:6      | Reached skill level 1 in Summonings
  6018 | D:6      | Found a runed translucent door.
  6019 | D:6      | Noticed Crazy Yiuf
  6028 | D:6      | Killed Crazy Yiuf
  6205 | D:6      | Identified the +8 hand axe "Loopy" {drain, Str+4 Int+4
                  | Stlth+}
  6356 | D:6      | Found a burning altar of Makhleb.
  6440 | D:6      | Found a glowing silver altar of Zin.
  6604 | D:6      | Found an opulent altar of Gozag.
  6828 | D:7      | Found a sand-covered staircase.
  6888 | Ossuary  | Entered an ossuary
  6959 | Ossuary  | Reached skill level 10 in Ice Magic
  7273 | Ossuary  | Reached * piety under Vehumet
  7273 | Ossuary  | Offered knowledge of Sandblast by Vehumet.
  7350 | Ossuary  | Reached skill level 1 in Fighting
  7636 | D:7      | Learned a level 4 spell: Iskenderun's Mystic Blast
  7758 | D:7      | Reached skill level 1 in Conjurations
  8222 | D:7      | Reached XP level 9. HP: 67/67 MP: 11/15
  8454 | D:7      | Noticed a two-headed ogre
  8464 | D:7      | Reached skill level 5 in Conjurations
  8623 | D:7      | Noticed a cyclops
  8631 | D:7      | Killed a cyclops
  8632 | D:7      | Reached skill level 5 in Fighting
  9138 | D:4      | Killed Dowan
  9319 | D:8      | Found a hide-covered altar of Uskayaw.
  9520 | D:8      | Reached ** piety under Vehumet
  9555 | D:8      | Offered knowledge of Magic Dart by Vehumet.
  9634 | D:8      | Reached skill level 1 in Earth Magic
  9678 | D:8      | Reached XP level 10. HP: 81/81 MP: 11/16
  9877 | D:8      | Noticed Amaemon
  9877 | D:8      | Noticed an orange demon
 10366 | D:8      | Noticed Pikel
 10368 | D:8      | Killed Pikel
 10957 | D:9      | Found a runed translucent door.
 11155 | D:9      | Reached skill level 5 in Spellcasting
 11239 | D:9      | Offered knowledge of Hailstorm by Vehumet.
 11260 | D:9      | Reached *** piety under Vehumet
 11738 | D:9      | Learned a level 5 spell: Lee's Rapid Deconstruction
 11884 | D:9      | Found a broken altar of Ashenzari.
 11917 | D:9      | Reached skill level 5 in Earth Magic
 11960 | D:9      | Offered knowledge of Stone Arrow by Vehumet.
 11987 | D:9      | Found a shimmering altar of Xom.
 12118 | D:9      | Found a bloodstained altar of Trog.
 12233 | D:9      | Found a runed translucent door.
 12245 | D:9      | Found a runed translucent door.
 12262 | D:9      | Found a runed translucent door.
 12367 | D:9      | Found Utsihon's Magic Scroll Emporium.
 12370 | D:9      | Bought a scroll of teleportation for 39 gold pieces
 12370 | D:9      | Bought 2 scrolls of amnesia for 104 gold pieces
 12370 | D:9      | Bought a scroll of identify for 26 gold pieces
 12370 | D:9      | Bought a scroll of identify for 26 gold pieces
 12371 | D:9      | Bought a scroll of immolation for 52 gold pieces
 12371 | D:9      | Bought a scroll of magic mapping for 97 gold pieces
 12500 | D:10     | Entered Level 10 of the Dungeon
 12907 | D:10     | Noticed an obsidian statue
 12919 | D:10     | Noticed a soul eater
 13171 | D:10     | Killed an obsidian statue
 13172 | D:10     | Reached XP level 11. HP: 86/86 MP: 6/22
 13275 | D:10     | Identified the +4 quarterstaff "Duynahal" {spect, rF-
                  | Int+4}
 13485 | D:10     | Learned a level 6 spell: Iron Shot
 13600 | D:10     | Found a snail-covered altar of Cheibriados.
 13642 | D:10     | Found a staircase to the Lair.
 14165 | D:10     | Found a glowing golden altar of the Shining One.
 14400 | Lair:1   | Entered Level 1 of the Lair of Beasts
 14514 | Lair:1   | Reached **** piety under Vehumet
 14624 | Lair:1   | Offered knowledge of Freezing Cloud by Vehumet.
 15140 | Lair:1   | Reached skill level 10 in Spellcasting
 15231 | Lair:2   | Noticed a skyshark
 15507 | Lair:2   | Noticed a death yak
 15517 | Lair:1   | Learned a level 5 spell: Freezing Cloud
 15528 | Lair:1   | Killed a death yak
 15660 | Lair:2   | Noticed a death yak
 15661 | Lair:2   | Reached XP level 12. HP: 100/100 MP: 6/26
 15666 | Lair:2   | Noticed a death yak
 15667 | Lair:2   | Noticed a death yak
 15668 | Lair:2   | Killed a death yak
 15824 | Lair:2   | Reached skill level 10 in Earth Magic
 15987 | Lair:2   | Found a runed translucent gate.
 16017 | Lair:2   | Killed a death yak
 16019 | Lair:2   | Killed a death yak
 16369 | Lair:2   | Found a staircase to the Snake Pit.
 16373 | Lair:2   | Noticed a boulder beetle
 16385 | Lair:2   | Killed a boulder beetle
 16503 | Lair:2   | Reached skill level 5 in Shields
 16506 | Lair:2   | Reached ***** piety under Vehumet
 16611 | Lair:2   | Offered knowledge of Flame Wave by Vehumet.
 16928 | Lair:2   | Noticed soul19's ghost (adept DsFi)
 16929 | Lair:2   | Noticed a 12-headed hydra
 16930 | Lair:2   | Noticed an 11-headed hydra
 16932 | Lair:2   | Found a runed translucent gate.
 16933 | Lair:2   | Found a runed translucent gate.
 17214 | Lair:3   | Noticed a six-headed hydra
 17218 | Lair:3   | Killed a six-headed hydra
 17593 | Lair:3   | You fall into a shaft and drop 2 floors!
 17593 | Lair:5   | Entered Level 5 of the Lair of Beasts
 17976 | Lair:3   | Noticed a seven-headed hydra
 17985 | Lair:3   | Killed a seven-headed hydra
 18058 | Lair:3   | Identified the +7 chain mail "Diutt" {+Blink rCorr Str+4
                  | Dex-5}
 18070 | Lair:3   | Reached XP level 13. HP: 97/111 MP: 11/29
 18536 | Lair:3   | Reached skill level 10 in Conjurations
 18998 | Lair:3   | Found a staircase to the Shoals.
 19452 | Lair:4   | Paralysed by a hornet for 1 turns
 19459 | Lair:4   | Paralysed by a hornet for 3 turns
 19463 | Lair:4   | Reached skill level 5 in Dodging
 19896 | Lair:4   | Reached skill level 10 in Fighting
 20452 | Lair:4   | Reached skill level 11 in Ice Magic
 20559 | Lair:4   | Identified the +0 battleaxe of the Endless Expanse {spect,
                  | rN+ rCorr Dex-3}
 20566 | Lair:4   | Identified the +8 dagger of Painful Death {venom, *Slow
                  | Int+3 Dex+4}
 21447 | Lair:5   | Reached skill level 12 in Ice Magic
 21631 | Lair:5   | Found a staircase to the Slime Pits.
 21756 | Lair:5   | Reached XP level 14. HP: 120/121 MP: 18/30
 21941 | Lair:5   | Identified the +3 leather armour of the Fifty Shrikes {rF-
                  | rN++ Will+++ Str-2}
 21958 | Lair:5   | Reached skill level 13 in Ice Magic
 22755 | Lair:5   | Reached skill level 14 in Ice Magic
 23130 | Lair:5   | Offered knowledge of Olgreb's Toxic Radiance by Vehumet.
 23328 | Lair:5   | Identified the +4 glaive "Meku Fel" {heavy, Contam *Rage
                  | rF+++ Int+9}
 24292 | D:11     | Found a staircase to the Orcish Mines.
 24730 | D:11     | Reached skill level 15 in Ice Magic
 24996 | Orc:1    | Entered Level 1 of the Orcish Mines
 24997 | Orc:1    | Noticed an orc warlord
 25008 | Orc:1    | Killed an orc warlord
 25331 | Orc:2    | Entered Level 2 of the Orcish Mines
 25331 | Orc:2    | Found a staircase to the Elven Halls.
 25594 | Orc:2    | Offered knowledge of Orb of Destruction by Vehumet.
 25890 | Orc:2    | Noticed an orc warlord
 25899 | Orc:2    | Reached skill level 16 in Ice Magic
 25903 | Orc:2    | Killed an orc warlord
 26070 | Orc:2    | Noticed Nessos
 26071 | Orc:2    | Nessos changed into Nessos the cyclops
 26071 | Orc:2    | Noticed Nessos
 26075 | Orc:2    | Killed Nessos the cyclops
 26942 | Orc:2    | Reached XP level 15. HP: 125/126 MP: 12/31
 27110 | Orc:2    | Noticed Urug
 27112 | Orc:2    | Urug changed into Urug the swamp worm
 27112 | Orc:2    | Noticed Urug
 27117 | Orc:2    | Killed Urug the swamp worm
 27164 | Orc:2    | Reached skill level 17 in Ice Magic
 27408 | Orc:2    | Offered knowledge of Irradiate by Vehumet.
 27535 | Orc:2    | Found Kiggat's Book Boutique.
 27538 | Orc:2    | Found Zigo's Antique Weapon Boutique.
 27559 | Orc:2    | Found Umou's Antique Armour Boutique.
 27692 | Orc:2    | Found Enosa's General Store.
 27870 | Orc:2    | Bought a masterwork scarf for 320 gold pieces
 27870 | Orc:2    | Identified the scarf "Zijeatown" {rC+ rF+, rPois} (You
                  | bought it in a shop on level 2 of the Orcish Mines)
 27897 | Orc:2    | Bought 2 potions of curing for 84 gold pieces
 27913 | Orc:2    | Bought a book of Ice for 600 gold pieces
 27921 | Orc:2    | Learned a level 7 spell: Ozocubu's Refrigeration
 27921 | Orc:2    | Bought an Everburning Encyclopedia for 432 gold pieces
 28098 | D:12     | Noticed Sonja
 28099 | D:12     | Killed Sonja
 29204 | D:13     | Found Tielack's Jewellery Emporium.
 29211 | D:13     | Bought an amulet of reflection for 360 gold pieces
 29314 | D:13     | Found an ornate altar of the Wu Jian Council.
 29414 | D:13     | Reached skill level 18 in Ice Magic
 30047 | D:14     | Found a gate leading to a gauntlet.
 30073 | Gauntlet | Entered a Gauntlet
 30073 | Gauntlet | Found a transporter.
 30073 | Gauntlet | Found a transporter.
 30073 | Gauntlet | Found a transporter.
 30082 | Gauntlet | Found a transporter.
 30094 | Gauntlet | Found a transporter.
 30108 | Gauntlet | Found a transporter.
 30122 | Gauntlet | Found a transporter.
 30133 | Gauntlet | Found a transporter.
 30139 | Gauntlet | Found a transporter.
 30153 | Gauntlet | Found a transporter.
 30170 | Gauntlet | Found a transporter.
 30174 | Gauntlet | Found a transporter.
 30259 | Gauntlet | Identified the ring of Light {Ice Contam rN++ Int+2 Dex+3}
 30584 | Gauntlet | Upgraded the game from 0.30-a0-1103-g25895a7845 to
                  | 0.30-a0-1112-gfb780f5df6
 30666 | D:14     | Found a shadowy altar of Dithmenos.
 30959 | D:14     | Found a hazy altar of Hepliaklqana.
 30995 | D:14     | Reached skill level 19 in Ice Magic
 31008 | D:14     | Offered knowledge of Spellforged Servitor by Vehumet.
 31315 | D:13     | Bought the ring "Afov Dokk" {MP+9 SInv} for 374 gold pieces
 31974 | D:14     | Found a gate to the Vaults.
 32297 | D:15     | Entered Level 15 of the Dungeon
 32488 | D:15     | Found a staircase to the Depths.
 32719 | D:15     | Identified a scroll of acquirement
 32934 | D:15     | Reached skill level 20 in Ice Magic
 33193 | D:15     | Reached XP level 16. HP: 134/134 MP: 16/32
 34058 | Snake:1  | Entered Level 1 of the Snake Pit
 34163 | Snake:1  | Identified the +0 helmet "Raecuch" {rPois Str+3 Dex-2}
 34291 | Snake:1  | Found a runed translucent gate.
 34291 | Snake:1  | Found a runed translucent gate.
 34291 | Snake:1  | Found an opulent altar of Gozag.
 34291 | Snake:1  | Found a runed translucent gate.
 34598 | Snake:1  | Found Noylazask's Magic Scroll Emporium.
 34937 | Snake:1  | Noticed Scrimshaw's ghost (adept DsGl)
 34938 | Snake:1  | Found Enkydo Ici's Assorted Antiques.
 34938 | Snake:1  | Found Duyddi's Assorted Antiques.
 35386 | Snake:2  | Identified Roxanne's Spellbook of Reformation
 35386 | Snake:2  | Noticed Roxanne
 35394 | Snake:2  | Killed Roxanne
 36007 | Snake:2  | Reached ****** piety under Vehumet
 36427 | Snake:2  | Found a shimmering blue altar of Sif Muna.
 36612 | Snake:2  | Reached skill level 21 in Ice Magic
 37371 | Snake:3  | Found Dath's Book Shoppe.
 37372 | Snake:3  | Found Jybbiq's Jewellery Boutique.
 37372 | Snake:3  | Found Tasur's Jewellery Boutique.
 37388 | Snake:3  | Acquired 1034 gold pieces
 37400 | Snake:3  | Bought an amulet of magic regeneration for 630 gold pieces
 37523 | Snake:3  | Offered knowledge of Fireball by Vehumet.
 37889 | Snake:3  | Learned a level 9 spell: Polar Vortex
 38550 | Snake:4  | Entered Level 4 of the Snake Pit
 38740 | Snake:4  | Reached XP level 17. HP: 94/140 MP: 27/35
 38957 | Snake:4  | Reached skill level 15 in Spellcasting
 39066 | Snake:4  | Reached skill level 22 in Ice Magic
 40330 | Snake:4  | Offered knowledge of Lehudib's Crystal Spear by Vehumet.
 40810 | Snake:4  | Reached skill level 23 in Ice Magic
 41368 | Snake:4  | Got a serpentine rune of Zot
 41768 | Shoals:1 | Entered Level 1 of the Shoals
 41892 | Shoals:1 | Found a runed translucent door.
 42918 | Shoals:2 | Reached XP level 18. HP: 147/147 MP: 34/37
 42975 | Shoals:2 | Reached skill level 24 in Ice Magic
 43187 | Shoals:2 | Noticed Mlioglotl
 43195 | Shoals:2 | Noticed a bone dragon
 43195 | Shoals:2 | Killed Mlioglotl
 43436 | Shoals:2 | Offered knowledge of Fire Storm by Vehumet.
 43436 | Shoals:2 | Offered knowledge of Chain Lightning by Vehumet.
 43436 | Shoals:2 | Offered knowledge of Maxwell's Capacitive Coupling by
                  | Vehumet.
 43471 | Shoals:2 | Found Sila Dolagg's Jewellery Shoppe.
 43475 | Shoals:2 | Noticed Frances
 43475 | Shoals:2 | Noticed Polyphemus
 43483 | Shoals:2 | Killed Frances
 43483 | Shoals:2 | Killed Polyphemus
 43928 | Shoals:3 | Identified the +2 dagger of Tait {freeze, rF+ rCorr Int-5}
 44287 | Shoals:3 | Noticed Jorgrun
 44294 | Shoals:3 | Killed Jorgrun
 44768 | Shoals:4 | Entered Level 4 of the Shoals
 45550 | Shoals:4 | Noticed Kirke
 45552 | Shoals:4 | Killed Kirke
 45585 | Shoals:4 | Identified the staff of conjuration "Asyojo" {rPois rF+ rC-
                  | Dex+5}
 45605 | Shoals:4 | Reached skill level 1 in Evocations
 45644 | Shoals:4 | Found a gateway to a bazaar.
 45713 | Bazaar   | Entered a bazaar
 45713 | Bazaar   | Found Doynt's Assorted Antiques.
 45720 | Bazaar   | Found Urukhluor's Magic Scroll Emporium.
 45727 | Bazaar   | Found Joarr's Armour Shoppe.
 45768 | Bazaar   | Found Mayvygor's Magic Scroll Shoppe.
 45776 | Bazaar   | Bought a scroll of acquirement for 364 gold pieces
 45776 | Bazaar   | Bought a scroll of immolation for 28 gold pieces
 45797 | Bazaar   | Bought a scroll of amnesia for 64 gold pieces
 45797 | Bazaar   | Bought a potion of magic for 128 gold pieces
 45797 | Bazaar   | Acquired 1165 gold pieces
 45813 | Bazaar   | Bought a +2 pair of gloves for 115 gold pieces
 45857 | Bazaar   | Bought a scroll of teleportation for 21 gold pieces
 45857 | Bazaar   | Bought a scroll of vulnerability for 28 gold pieces
 45857 | Bazaar   | Bought a scroll of teleportation for 21 gold pieces
 45857 | Bazaar   | Bought a scroll of teleportation for 21 gold pieces
 45883 | Bazaar   | Bought a scroll of fear for 36 gold pieces
 45883 | Bazaar   | Bought a scroll of fear for 36 gold pieces
 45883 | Bazaar   | Bought a scroll of summoning for 85 gold pieces
 46000 | Shoals:4 | Got a barnacled rune of Zot
 46095 | Shoals:4 | Chudface: pew pew
 46126 | Shoals:4 | Datul: indeed
 46534 | D:8      | Killed Amaemon
 46896 | Lair:2   | Chudface: dats a lotta heads
 46896 | Lair:2   | Datul: soul19 wasn't very smart it seems
 46900 | Lair:2   | Killed soul19's ghost
 46992 | Snake:1  | Reached skill level 5 in Evocations
 46992 | Snake:1  | Killed Scrimshaw's ghost
 46994 | Snake:1  | Chudface: beem: soul19 has not won in 1416 games.
 46995 | Snake:1  | Datul: :(
 47028 | Snake:1  | Bought a potion of heal wounds for 145 gold pieces
 47227 | Elf:1    | Entered Level 1 of the Elven Halls
 47227 | Elf:1    | Found a runed translucent gate.
 47227 | Elf:1    | Found a runed translucent gate.
 47227 | Elf:1    | Found a runed translucent gate.
 47227 | Elf:1    | Found a runed translucent gate.
 47227 | Elf:1    | Found a runed translucent gate.
 47227 | Elf:1    | Found a runed translucent gate.
 47240 | Orc:2    | Learned a level 5 spell: Borgnjor's Vile Clutch
 47244 | Elf:1    | Found a runed translucent door.
 47287 | Elf:1    | Found a runed translucent door.
 47346 | Elf:1    | Reached XP level 19. HP: 160/160 MP: 23/38
 47700 | Elf:1    | Paralysed by an air elemental for 1 turns
 47976 | Elf:1    | Identified the +6 morningstar of Cuath {protect, rElec
                  | rPois}
 48243 | Elf:2    | Reached skill level 10 in Shields
 48326 | Elf:2    | Got the Incunable of Aeromancy
 48396 | Elf:2    | Found a runed translucent gate.
 48397 | Elf:2    | Found a runed translucent gate.
 48397 | Elf:2    | Found a runed translucent gate.
 48791 | Elf:3    | Entered Level 3 of the Elven Halls
 48961 | Elf:2    | Datul: no TP luck today
 49291 | Elf:3    | Chudface: i could swear they just tp next to monsters now
 50023 | Elf:3    | Chudface: ouch
 50023 | Elf:3    | Chudface: what a highroll
 50023 | Elf:3    | Datul: right? One bad lightning bounce
 50023 | Elf:3    | Chudface: that was lightning? wtf
 50023 | Elf:3    | Datul: only blink too, kinda sucks but not like I have a
                  | choice
 50023 | Elf:3    | Chudface: yeah, not worth throwing way the run
 50025 | Elf:3    | Chudface: if it were me i'd probably get greedy and die
 50333 | Elf:3    | Datul: I'm on a 4 streak, gonna be quite cautious
 50501 | Elf:3    | Chudface: yeah
 50501 | Elf:3    | Datul: oh man, skin of zhor is sweet. No armour for poor
                  | draconians
 50883 | Elf:3    | Identified the staff of death "Gank" {rN+ rCorr}
 51093 | Elf:3    | Found the -2 hat of the Alchemist {rElec rPois rF+ rC+ rN+
                  | Will+ rMut rCorr}
 51098 | Elf:3    | Identified the +8 fire dragon scales of Anaesthesia {rF++
                  | rC- Str+7 Int+3 Slay-6}
 51108 | Elf:3    | Identified the +0 quarterstaff of the Wary Curses {holy,
                  | Int+6}
 51127 | Elf:3    | Datul: fixed that resist problem
 51171 | Elf:3    | Identified the staff of earth "Ojecav" {rN+ Stlth+}
 51181 | Elf:3    | Identified the +2 mace "Veifo" {venom, rF- rC+ rN+}
 51250 | Elf:3    | Upgraded the game from 0.30-a0-1112-gfb780f5df6 to
                  | 0.30-a0-1114-gd936c97349
 51730 | Vaults:1 | Entered Level 1 of the Vaults
 51891 | Vaults:1 | Reached XP level 20. HP: 159/168 MP: 36/39
 52011 | Vaults:1 | Found Moweram's Antique Weapon Emporium.
 53083 | Vaults:1 | Reached skill level 15 in Earth Magic
 53512 | Vaults:2 | Reached skill level 15 in Shields
 53902 | Vaults:2 | Found the +5 robe of Night {Dark Will+ SInv}
 53923 | Vaults:2 | Found a radiant altar of Vehumet.
 53952 | Vaults:2 | Identified the +2 robe of the Hart {Int+4 Stlth+}
 53958 | Vaults:2 | Identified the +0 hat of Pogis {-Tele rF++ Int+3}
 54078 | Vaults:2 | Found Vaolenn's Jewellery Emporium.
 54347 | Vaults:2 | Found a staircase to the Crypt.
 55172 | Vaults:3 | Reached XP level 21. HP: 147/174 MP: 40/40
 55784 | Vaults:3 | Found Piwnurch's Weapon Shoppe.
 57064 | Vaults:4 | Identified the +1 sling "Rummage" {freeze, rF++ Dex+3}
 57244 | Vaults:4 | Learned a level 2 spell: Sublimation of Blood
 57478 | Depths:1 | Entered Level 1 of the Depths
 57478 | Depths:1 | Found a transporter.
 57478 | Depths:1 | Found a transporter.
 57843 | Depths:1 | Identified the +1 shortbow "Draconian's Bane" {drain,
                  | Fragile rF+ rC+}
 57862 | Depths:1 | Found a gateway to Hell.
 58002 | Depths:1 | Found a transporter.
 58004 | Depths:1 | Found a transporter.
 58013 | Depths:1 | Found a transporter.
 58020 | Depths:1 | Found a transporter.
 59121 | Depths:2 | Found Fycutuc's Jewellery Shop.
 59129 | Depths:2 | Bought the ring of Ytzagro {rF++ Will+ Int+9 Dex-3 SInv}
                  | for 1211 gold pieces
 59364 | Depths:2 | Noticed a golden dragon
 59428 | Depths:2 | Killed a golden dragon
 59429 | Depths:2 | Reached skill level 1 in Necromancy
 59442 | Depths:2 | Reached XP level 22. HP: 181/181 MP: 34/42
 59445 | Depths:2 | Identified the ring of Osevue {rCorr MP+9 Dex+3 Stlth-}
 59729 | Depths:2 | Got the Codex of Lofty Assembling
 59819 | Depths:2 | Reached skill level 5 in Necromancy
 60461 | Depths:1 | Identified the +4 quarterstaff of Joxe {flame, rC+ rN++
                  | rCorr Int-2}
 60553 | Depths:2 | Found a one-way gate leading to the halls of Pandemonium.
 61160 | Depths:3 | Found a one-way gate to the infinite horrors of the Abyss.
 61239 | Depths:3 | Found a shimmering blue altar of Sif Muna.
 61474 | Depths:3 | Noticed Xtahua
 61479 | Depths:3 | Killed Xtahua
 61565 | Depths:4 | Entered Level 4 of the Depths
 61627 | Depths:4 | Identified the ring "Teibupof" {Ice rElec Int-3 Stlth+}
 61627 | Depths:4 | Noticed Josephina
 61636 | Depths:4 | Killed Josephina
 61644 | Depths:4 | Noticed Jory
 61886 | Depths:4 | Found Gihunopn's General Store.
 61898 | Depths:4 | Bought Great Wizards, Vol. VII for 660 gold pieces
 62009 | Depths:3 | Learned a level 4 spell: Passage of Golubria
 62016 | Depths:3 | Learned a level 6 spell: Statue Form
 62163 | Depths:4 | Reached skill level 1 in Translocations
 62294 | Depths:4 | Found a gate to the Realm of Zot.
 62294 | Depths:4 | Noticed a golden dragon
 62298 | Depths:4 | Killed a golden dragon
 62473 | Depths:4 | Found a one-way gateway to a ziggurat.
 62481 | Depths:4 | Killed Jory
 62482 | Depths:4 | Reached XP level 23. HP: 180/198 MP: 28/45
 63128 | Slime:1  | Entered Level 1 of the Pits of Slime
 63137 | Slime:1  | Reached skill level 15 in Fighting
 63198 | Slime:2  | Reached skill level 5 in Translocations
 63383 | Slime:4  | Gained mutation: You are clumsy. (Dex -2) [a shining eye]
 63542 | Slime:5  | Entered Level 5 of the Pits of Slime
 63941 | Slime:5  | Noticed the Royal Jelly
 63952 | Slime:5  | Killed the Royal Jelly
 64218 | Slime:5  | Found the amulet of the Air {Inacc Air Fly rElec RMsl}
 64262 | Slime:5  | Got a slimy rune of Zot
 64308 | Slime:5  | Identified the +2 helmet of Ysuerobo {rF+}
 64856 | Crypt:1  | Entered Level 1 of the Crypt
 64960 | Crypt:1  | Found a large runed translucent door.
 64960 | Crypt:1  | Noticed Foapeaxo's ghost (veteran HOMo)
 64961 | Crypt:1  | Found a large runed translucent door.
 64981 | Crypt:1  | Identified the ring "Ruw Wosch" {Ice Will+}
 65422 | Crypt:1  | Killed Foapeaxo's ghost
 65440 | Crypt:1  | Identified the staff of cold "Ucaele" {rC+ Str+5}
 65499 | Crypt:2  | Reached skill level 25 in Ice Magic
 65514 | Crypt:2  | Reached XP level 24. HP: 224/224 MP: 44/45
 66232 | Crypt:3  | Entered Level 3 of the Crypt
 66409 | Crypt:3  | Reached skill level 26 in Ice Magic
 66412 | Crypt:3  | Identified the ring of Atinn {rN+ Slay+3}
 66416 | Crypt:3  | Identified the ring of Ahodir {rN+ Int-2 Dex+6 SInv}
 67134 | Crypt:3  | Found the +8 Vampire's Tooth {megavamp}
 67168 | Crypt:3  | Found a staircase to the Tomb.
 67278 | Crypt:3  | Noticed an ancient lich
 67278 | Crypt:3  | Noticed a dread lich
 67286 | Crypt:3  | Killed a dread lich
 67288 | Crypt:3  | Killed an ancient lich
 67303 | Crypt:3  | Noticed an ancient lich
 67310 | Crypt:3  | Killed an ancient lich
 67317 | Crypt:3  | Identified the +2 lajatang "Newtslayer" {freeze, rC- rN+
                  | SInv}
 67319 | Crypt:3  | Got Kuoxux's Omnibus of Wintry Portals
 67329 | Crypt:3  | Identified the ring of the Priest {rN+ Str+3}
 67337 | Crypt:3  | Got the Meditations on the Doomed Cure
 67494 | Vaults:5 | Entered Level 5 of the Vaults
 67498 | Vaults:5 | Reached skill level 27 in Ice Magic
 67713 | Vaults:5 | Found Wymaimel's Jewellery Shoppe.
 67718 | Vaults:5 | Noticed an ancient lich
 67728 | Vaults:5 | Killed an ancient lich
 67743 | Vaults:5 | Found Cevyiqy's Antique Armour Shop.
 67751 | Vaults:5 | Bought a pair of runed gloves for 300 gold pieces
 67906 | Vaults:5 | Noticed a dread lich
 67911 | Vaults:5 | Killed a dread lich
 67923 | Vaults:5 | Got a silver rune of Zot
 68069 | Vaults:5 | Reached XP level 25. HP: 230/230 MP: 47/47
 69463 | Vaults:5 | Identified the +0 helmet of the Slimy God {Regen+ Dex+6}
 69506 | Vaults:5 | Identified the +1 short sword "Orb Guardian's Regret"
                  | {drain, rPois}
 70131 | Zot:1    | Entered Level 1 of the Realm of Zot
 71531 | Zot:2    | Noticed an orb of fire
 71599 | Zot:2    | Killed an orb of fire
 71710 | Zot:2    | Learned a level 2 spell: Blink
 71787 | Zot:2    | Reached XP level 26. HP: 249/249 MP: 40/47
 71894 | Zot:2    | Noticed an orb of fire
 71901 | Zot:2    | Killed an orb of fire
 71966 | Zot:2    | Reached skill level 15 in Conjurations
 72166 | Zot:4    | Noticed Parghit
 72184 | Zot:4    | Killed Parghit
 72500 | Zot:5    | Entered Level 5 of the Realm of Zot
 72680 | Zot:5    | Reached skill level 5 in Throwing
 73125 | Zot:5    | Reached skill level 10 in Throwing
 73153 | Zot:5    | Noticed an orb of fire
 73169 | Zot:5    | Killed an orb of fire
 73337 | Zot:5    | Noticed a dread lich
 73343 | Zot:5    | Killed a dread lich
 73414 | Zot:5    | Noticed an orb of fire
 73424 | Zot:5    | Killed an orb of fire
 73738 | Zot:5    | Noticed an orb of fire
 73742 | Zot:5    | Gained mutation: You are frail. (-10% HP) [an orb of fire]
 73744 | Zot:5    | Killed an orb of fire
 74173 | Zot:5    | Noticed a dread lich
 74178 | Zot:5    | Killed a dread lich
 74285 | Zot:5    | Got the Orb of Zot
 74353 | Zot:4    | Noticed Taunuin the pandemonium lord
 74545 | Depths:2 | Noticed Feblel the pandemonium lord
 74676 | D:9      | Noticed Tegiasaj the pandemonium lord
 74678 | D:9      | Killed Tegiasaj the pandemonium lord
 74795 | D:3      | Noticed Natasha
 74798 | D:3      | Killed Natasha
 74837 | D:$      | Escaped with the Orb!

Illustrated notes

Levels and vault maps discovered:
D:1:      roderic_dead_forest, layout_basic, grunt_decor_clamped
D:2:      layout_rooms
D:3:      layout_rooms, old_standard_altar, serial_undead, serial_undead_a,
          serial_undead_c, serial_undead_b, serial_undead_b, serial_undead_a,
          serial_undead_c, uniq_jessica, uniq_natasha
D:4:      layout_rooms, chequers_temple_overflow_statue_of_worship,
          lemuel_coloured_pillars_altar, minmay_temple_entry_large_hall,
          eino_small_chamber_without_monster, uniq_duvessa
D:5:      layout_gridville, lightli_corner_chamber
D:6:      layout_loops_ring, lightli_temple_of_fire,
          mainiacjoe_overflow_alcove_4, amcnicky_altar_gilded, zin_scriptorium,
          uniq_crazy_yiuf_cottage
D:7:      layout_layer_cave, enter_ossuary_2, minmay_manual_monstrance
D:8:      minmay_skewed_foursquare, layout_basic, nicolae_uskayaw_dance_studio,
          roderic_serpentine_path, uniq_amaemon, uniq_pikel
D:9:      layout_loops_ring, tgw_xom, nicolae_overflow_hidden_temple,
          ashenzari_conservatory_becter, serial_shops, shop,
          minmay_statue_crystal_thing
D:10:     layout_long_grid, tso_oasis_becter, mainiacjoe_overflow_cross_hatched,
          lair_entry_dummy, minivault_15
D:11:     layout_cave_pools, david_orc_5, chequers_garden
D:12:     layout_basic, uniq_sonja
D:13:     minmay_recursive_quarters, layout_loops_ring, serial_shops,
          nicolae_shop_just_a_little_nook, nzn_wu_jian_council_hall
D:14:     layout_long_grid, david_vaults_5, gauntlet_entry_generic,
          grunt_dithmenos_smoke_and_mirrors, nicolae_hepliaklqana_hazy_memory
D:15:     grunt_enter_depths_giant_problem, layout_irregular_city,
          serial_rivers, chequers_serial_rivers_micro_a,
          chequers_serial_rivers_marsh, chequers_serial_rivers_small_3,
          chequers_serial_rivers_micro_b, chequers_serial_rivers_small_a,
          chequers_serial_rivers_small_a
Temple:   hellmonk_temple_forest_ring
Lair:1:   layout_chaotic_city, minivault_26, infiniplex_staircase_pool_2
Lair:2:   layout_cave_pods, minmay_snake_entry_guardpost_small,
          gammafunk_ghost_hydra_chop, serial_bayou_shore_a, lemuel_fruit_tree,
          grunt_megastairs_2
Lair:3:   layout_loops_ring, elwin_shoals_entry_rooms
Lair:4:   kb_forest_paths, layout_regular_city, chequers_serial_rivers_micro_a
Lair:5:   minmay_lair_end_enchanted_forest, layout_cave_pods, slime_entry_1,
          grunt_megastairs_4, infiniplex_staircase_pool
Shoals:1: layout_shoals, lightli_airlock
Shoals:2: layout_shoals, serial_shops, nicolae_shop_statue_plus, uniq_frances,
          uniq_mlioglotl, uniq_polyphemus
Shoals:3: layout_shoals, uniq_jorgrun
Shoals:4: shoals_end_grunt_ice, layout_shoals, serial_shops, statue_bzr,
          uniq_kirke
Snake:1:  layout_onion_interference, ebering_ghost_gozag, serial_shops,
          nicolae_shop_crystal
Snake:2:  layout_gridlike, basic_altar, nrook_loot_triangle, grunt_ministairs_1,
          nrook_guardian_serpent_double, uniq_roxanne
Snake:3:  layout_cave_town, grunt_megastairs_5, minmay_shop_grove
Snake:4:  grunt_snake_rune_pools, layout_cave_town,
          nicolae_snake_salamander_zone
Slime:1:  layout_caves
Slime:2:  layout_caves, special_room [special_room_jelly],
          cheibrodos_slime_lost_civilization_4
Slime:3:  layout_caves, cheibrodos_slime_lost_civilization_7
Slime:4:  layout_caves
Slime:5
Orc:1:    layout_caves, minmay_orc_keep
Orc:2:    grunt_orc_cross, layout_diamond_mine, sword_in_stone, uniq_nessos
Elf:1:    nicolae_elf_arrival_dilemma, layout_geoelf_octagon,
          minmay_elf_demonology
Elf:2:    nicolae_elf_blades_crystal_corner, layout_gridlike, minivault_25_ag
Elf:3:    elf_hall, layout_gridlike, grunt_ministairs_5
Vaults:1: v_misc_1, ontoclasm_vaults_bender, ontoclasm_vaults_pinch,
          nicolae_vaults_bisected_exclaves, v_misc_22, st_spiral_rooms,
          nicolae_vaults_little_squares_6, vaults_room_pools,
          vaults_dpeg_encased_lava, ontoclasm_vaults_gateway,
          layout_vaults_omnigrid, serial_shops, shop
Vaults:2: blue_anna_dwarven_crypt, grunt_tower_of_power, vaults_dpeg_diagonal,
          nicolae_vaults_big_angled_halls, nicolae_vaults_ninety_degrees,
          hangedman_vaults_maws, v_misc_2, v_misc_25, v_misc_19,
          v_alt_pattern_6, vaults_room_fours, layout_vaults_omnibox,
          serial_shops, nicolae_shop_peninsula
Vaults:3: dpeg_vaults_monster_box, ontoclasm_vaults_eye, nicolae_vaults_big_ls,
          v_misc_1, vaults_room_stairs_pillars, nicolae_vaults_network_s,
          v_misc_9, v_misc_17, vaults_room_pool, vaults_dpeg_emergency_exit,
          layout_vaults_ring
Vaults:4: nicolae_vaults_little_squares_1, nicolae_vaults_yaktaur_gun_rack,
          nicolae_vaults_hallways_thing, ontoclasm_vaults_twist, v_misc_10,
          nicolae_vaults_circle_grid_b, grunt_vaults_funnel, v_misc_27,
          nicolae_vaults_big_angled_halls, vaults_mumra_lcd, v_misc_13,
          nicolae_vaults_alarming, vaults_room_fours, layout_vaults_big_cross
Vaults:5
Crypt:1:  layout_gridlike, ebering_ghost_disaster_area
Crypt:2:  layout_chaotic_city, grunt_megastairs_1
Crypt:3:  david_glass_crypt, layout_gridlike,
          nicolae_tomb_entry_unfolded_pyramid_orthogonal
Depths:1: layout_basic, grunt_hell_entry_dis_old, minmay_misc_feat_room,
          chequers_big_river, serial_nicolae_subway, nicolae_sub_station_stone,
          nicolae_sub_station_crystal, nicolae_sub_station_metal, firewood_loft
Depths:2: minmay_heptahexagon, layout_gridlike, grunt_mini_vestibule,
          rand_demon_pan_entry_5, serial_shops, shop, kennysheep_minor_cross
Depths:3: kennysheep_blocky_hall, layout_gridville, abyss_entry,
          nicolae_sif_muna_condensation, hangedman_coc_ice_floe, uniq_xtahua
Depths:4: evilmike_zot_entry_argh, layout_small_grid, enter_ziggurat_c,
          abyss_entry_glasseish, corexii_corridor_pit, serial_shops,
          nicolae_shop_crystal, hangedman_tar_grid_catacomb,
          minmay_fountain_box, serial_bayou_lake_a, uniq_josephina, uniq_jory
Zot:1:    lemuel_acid_trip, layout_cathedral_of_symmetry, skrybe_zot_glass_1
Zot:2:    lemuel_firehouse, layout_cathedral_of_symmetry
Zot:3:    grunt_deathspiral_small, layout_cathedral_of_symmetry,
          grunt_ministairs_8
Zot:4:    layout_basic, nicolae_diode_basic, uniq_parghit
Zot:5:    layout_gridville

Skill      XL: |  1  2  3  4  5  6  7  8  9 10 11 12 13 14 15 16 17 18 19 20 21 22 23 24 25 26 |
---------------+-------------------------------------------------------------------------------+-----
Shields        | 1 2 3 4 6 8 14 19 20 | 20.0
Ice Magic      | 5 6 7 8 10 12 16 20 21 23 24 25 27 | 27.0
Spellcasting   | 3 4 7 10 12 14 15 16 18 20 | 20.9
Summonings     | 4 |  4.0
Fighting       | 2 5 7 9 10 12 14 20 22 24 | 24.1
Conjurations   | 2 7 8 9 10 14 15 | 15.4
Earth Magic    | 1 6 9 10 12 13 15 18 | 18.0
Dodging        | 5 |  5.0
Evocations     | 5 |  5.0
Necromancy     | 2 8 |  8.0
Translocations | 3 5 |  5.0
Throwing       | 12 | 12.0
Stealth        | |  1.7

Action                     |  1- 3 |  4- 6 |  7- 9 | 10-12 | 13-15 | 16-18 | 19-21 | 22-24 | 25-27 || total
---------------------------+-------+-------+-------+-------+-------+-------+-------+-------+-------++-------
  Melee: Unarmed           |     1 |       |       |       |       |       |       |       |       ||     1
         Whip              |     8 |       |       |       |       |       |    12 |       |       ||    20
         Tailslap          |     1 |     4 |     8 |    12 |     9 |     1 |       |     2 |     3 ||    40
         Trident           |       |    57 |    22 |       |       |       |       |       |       ||    79
         Hand axe          |       |       |    27 |    78 |    55 |    17 |       |       |       ||   177
         Staff             |       |       |       |       |       |       |     1 |     6 |     7 ||    14
  Throw: Dart              |       |     1 |    13 |     3 |     2 |       |       |       |       ||    19
   Cast: Freeze            |    50 |    28 |    18 |     5 |       |       |       |       |       ||   101
         Frozen Ramparts   |     3 |    20 |    44 |    63 |    34 |       |       |       |       ||   164
         Summon Ice Beast  |       |       |    28 |    63 |    23 |     1 |       |       |       ||   115
         Ozocubu's Armour  |       |       |     9 |     6 |     1 |       |       |       |       ||    16
         Iskenderun's Myst |       |       |     1 |    10 |    45 |    36 |    23 |    43 |     6 ||   164
         Lee's Rapid Decon |       |       |       |    31 |    54 |    61 |   125 |   123 |    23 ||   417
         Iron Shot         |       |       |       |    10 |   116 |   258 |   250 |   251 |   337 ||  1222
         Freezing Cloud    |       |       |       |    32 |   257 |   233 |   121 |    41 |    22 ||   706
         Ozocubu's Refrige |       |       |       |       |     5 |    36 |    27 |    41 |    42 ||   151
         Polar Vortex      |       |       |       |       |       |    23 |    27 |    76 |    54 ||   180
         Borgnjor's Vile C |       |       |       |       |       |       |   104 |    20 |     4 ||   128
         Statue Form       |       |       |       |       |       |       |       |    23 |     5 ||    28
         Passage of Golubr |       |       |       |       |       |       |       |     1 |     1 ||     2
         Sublimation of Bl |       |       |       |       |       |       |       |     1 |       ||     1
         Blink             |       |       |       |       |       |       |       |       |     2 ||     2
Ability: Breathe Dispellin |       |       |       |     1 |       |       |       |     1 |       ||     2
  Evoke: Wand              |       |       |     5 |    10 |     7 |       |     2 |     2 |     2 ||    28
    Use: Scroll            |       |     9 |     7 |    13 |    12 |     6 |     5 |     1 |    11 ||    64
         Potion            |       |       |       |       |     3 |     2 |     1 |     4 |     4 ||    14
   Stab: Sleeping          |     1 |     1 |       |       |       |       |       |       |       ||     2
 Armour: Skin              |    12 |    19 |     9 |    53 |    49 |    43 |    41 |    91 |    84 ||   401
  Dodge: Dodged            |    18 |    26 |    31 |    99 |   111 |    84 |    66 |    97 |    77 ||   609
  Block: Buckler           |     5 |    12 |     8 |    38 |    47 |    72 |       |       |       ||   182
         Reflection        |       |       |       |       |    10 |    44 |       |       |       ||    54
         Kite shield       |       |       |       |       |       |     2 |    89 |   154 |   120 ||   365

Table legend: (Time is in decaauts)
 A = Elapsed time spent in this place.
 B = Non-inter-level travel time spent in this place.
 C = Inter-level travel time spent in this place.
 D = Time resting spent in this place.
 E = Time spent auto-exploring this place.
 F = Levels seen in this place.
 G = Mean time per level.
                   A        B        C        D        E       F      G
               +--------+--------+--------+--------+--------+-----+--------+
         Total |  76266 |  70227 |   6039 |  28058 |  28384 |  59 | 1292.6 |
       Dungeon |  21437 |  19251 |   2186 |   7182 |   8486 |  15 | 1429.1 |
        Temple |    158 |    141 |     17 |      0 |    132 |   1 |  158.0 |
          Lair |  10546 |   9595 |    951 |   4884 |   3433 |   5 | 2109.2 |
        Shoals |   4832 |   4604 |    228 |   1797 |   1881 |   4 | 1208.0 |
     Snake Pit |   7727 |   7325 |    402 |   3689 |   2515 |   4 | 1931.8 |
    Slime Pits |   1514 |   1390 |    124 |    646 |    287 |   5 |  302.8 |
  Orcish Mines |   2897 |   2729 |    168 |   1554 |    704 |   2 | 1448.5 |
   Elven Halls |   4154 |   3786 |    368 |   1503 |   1667 |   3 | 1384.7 |
        Vaults |   8395 |   7730 |    665 |   2401 |   3757 |   5 | 1679.0 |
         Crypt |   3146 |   2940 |    206 |    329 |   1784 |   3 | 1048.7 |
        Depths |   5824 |   5368 |    456 |   1572 |   2767 |   4 | 1456.0 |
           Zot |   4262 |   3998 |    264 |   1901 |    666 |   5 |  852.4 |
        Bazaar |    187 |    187 |      0 |      0 |     58 |   1 |  187.0 |
       Ossuary |    667 |    667 |      0 |    392 |    105 |   1 |  667.0 |
      Gauntlet |    513 |    513 |      0 |    207 |    140 |   1 |  513.0 |
               +--------+--------+--------+--------+--------+-----+--------+

Top non-repeatable levels by time:
  Lair:5: 2822 daAuts
 Snake:4: 2548 daAuts
  Lair:4: 2475 daAuts
Vaults:5: 2238 daAuts
   Orc:2: 2226 daAuts
     D:9: 2198 daAuts
 Snake:3: 2032 daAuts
     D:8: 1992 daAuts
  Lair:3: 1901 daAuts
   Elf:3: 1900 daAuts
Depths:1: 1856 daAuts
  Lair:2: 1821 daAuts
    D:14: 1817 daAuts
     D:7: 1769 daAuts
   Zot:5: 1734 daAuts
